[ AOE2 MATCH · #513867653 ]
UnrankedChinese vs Muisca
Player's team · WIN
Rival team · LOSS
[ REPLAY ANALYSIS · EXTRACTED FROM THE RECORDED GAME ]
Feudal
8:24
Castle
19:27
Imperial
34:23
| APM avg | 52.6 |
| APM peak | 92 |
| eAPM avg | 31.0 |
| Villagers / military | 113 / 91 |
Focus
⚔️ 37.9% · 🌾 62.1%
Cavalry Archer ×78 · Scout Cavalry ×10 · Iron Pagoda ×3
Feudal
13:03
Castle
21:43
Imperial
—
| APM avg | 42.5 |
| APM peak | 101 |
| eAPM avg | 18.8 |
| Villagers / military | 80 / 87 |
Focus
⚔️ 44.9% · 🌾 55.1%
Archer ×81 · Unknown (2550) ×10 · Spearman ×5 · Skirmisher ×1
Match map
Initial resources + every placement click. Lines = walls · curves = elevation contours. ◆ gold · ⬟ stone · ● berries · ✦ relic · ◌ wall gap
Your base· ✓ Closed at 19:27 · 40t walls · no gate
niksu's base· ✓ Closed at 21:43 · 62t walls · no gate
Smoothed initial terrain · ◌ = detected wall gap · hover for details
Inputs per minute
— Couatl - - niksu
Build order — Couatl
First 150 of 312 actions detected
| 0:00 | Research | Loom |
| 0:00 | Research | Loom |
| 0:42 | Queue | Villager (Male) |
| 0:42 | Queue | Villager (Male) |
| 0:42 | Queue | Villager (Male) |
| 0:42 | Queue | Villager (Male) |
| 0:42 | Queue | Villager (Male) |
| 0:42 | Queue | Villager (Male) |
| 0:42 | Queue | Villager (Male) |
| 1:14 | Queue | Villager (Male) |
| 1:14 | Queue | Villager (Male) |
| 1:37 | Queue | Villager (Male) |
| 1:37 | Queue | Villager (Male) |
| 1:37 | Queue | Villager (Male) |
| 1:37 | Queue | Villager (Male) |
| 1:37 | Queue | Villager (Male) |
| 2:02 | Queue | Villager (Male) |
| 2:02 | Queue | Villager (Male) |
| 2:02 | Queue | Villager (Male) |
| 2:02 | Queue | Villager (Male) |
| 2:22 | Queue | Villager (Male) |
| 2:22 | Queue | Villager (Male) |
| 2:22 | Queue | Villager (Male) |
| 2:22 | Queue | Villager (Male) |
| 2:39 | Queue | Villager (Male) |
| 2:39 | Queue | Villager (Male) |
| 2:39 | Queue | Villager (Male) |
| 2:39 | Queue | Villager (Male) |
| 2:41 | Build | Lumber Camp |
| 3:10 | Queue | Villager (Male) |
| 3:10 | Queue | Villager (Male) |
| 3:10 | Queue | Villager (Male) |
| 3:24 | Build | House |
| 3:34 | Queue | Villager (Male) |
| 3:34 | Queue | Villager (Male) |
| 3:34 | Queue | Villager (Male) |
| 3:34 | Queue | Villager (Male) |
| 3:53 | Queue | Villager (Male) |
| 3:53 | Queue | Villager (Male) |
| 4:28 | Queue | Villager (Male) |
| 4:28 | Queue | Villager (Male) |
| 5:03 | Queue | Villager (Male) |
| 5:11 | Build | Mill |
| 6:10 | Research | Feudal Age |
| 6:28 | Build | House |
| 6:59 | Build | Barracks |
| 7:02 | Queue | Villager (Male) |
| 8:24 | Age | Feudal Age |
| 8:25 | Build | Stable |
| 8:42 | Build | Palisade Wall |
| 8:46 | Queue | Villager (Male) |
| 8:48 | Research | Double-Bit Axe |
| 8:54 | Build | Palisade Wall |
| 9:05 | Queue | Scout Cavalry |
| 9:05 | Queue | Scout Cavalry |
| 9:05 | Queue | Scout Cavalry |
| 9:10 | Queue | Villager (Male) |
| 9:10 | Queue | Villager (Male) |
| 9:13 | Build | Palisade Wall |
| 9:37 | Queue | Villager (Male) |
| 9:44 | Build | House |
| 9:56 | Build | House |
| 10:00 | Build | House |
| 10:01 | Queue | Villager (Male) |
| 10:23 | Queue | Villager (Male) |
| 10:40 | Queue | Villager (Male) |
| 10:40 | Queue | Villager (Male) |
| 10:43 | Build | Farm |
| 10:44 | Build | Farm |
| 10:44 | Build | Farm |
| 10:44 | Build | Farm |
| 10:44 | Build | Farm |
| 10:56 | Queue | Scout Cavalry |
| 11:00 | Build | Farm |
| 11:01 | Build | Farm |
| 11:05 | Queue | Villager (Male) |
| 11:24 | Build | Farm |
| 11:37 | Research | Horse Collar |
| 11:38 | Queue | Villager (Male) |
| 11:57 | Build | Farm |
| 11:57 | Build | Farm |
| 11:57 | Build | Farm |
| 11:57 | Build | Farm |
| 12:03 | Queue | Villager (Male) |
| 12:08 | Queue | Villager (Male) |
| 12:18 | Build | Farm |
| 12:40 | Queue | Villager (Male) |
| 12:42 | Build | Farm |
| 12:46 | Queue | Villager (Male) |
| 12:57 | Queue | Villager (Male) |
| 13:02 | Build | Farm |
| 13:13 | Queue | Villager (Male) |
| 13:13 | Queue | Villager (Male) |
| 13:17 | Build | Palisade Wall |
| 13:22 | Build | Mining Camp |
| 13:40 | Queue | Villager (Male) |
| 14:02 | Queue | Villager (Male) |
| 14:09 | Build | House |
| 14:11 | Build | House |
| 14:18 | Build | Palisade Wall |
| 14:29 | Build | Farm |
| 14:44 | Build | Farm |
| 14:45 | Queue | Villager (Male) |
| 15:03 | Build | Farm |
| 15:05 | Build | Farm |
| 15:05 | Build | Farm |
| 15:07 | Queue | Villager (Male) |
| 15:10 | Build | Farm |
| 15:17 | Build | Farm |
| 16:00 | Build | Lumber Camp |
| 16:05 | Queue | Villager (Male) |
| 16:21 | Queue | Villager (Male) |
| 16:27 | Build | Blacksmith |
| 16:47 | Research | Castle Age |
| 16:47 | Research | Castle Age |
| 17:00 | Research | Gold Mining |
| 17:23 | Build | Lumber Camp |
| 17:39 | Research | Fletching |
| 17:41 | Research | Bloodlines |
| 18:02 | Build | House |
| 18:04 | Build | House |
| 18:13 | Build | House |
| 18:41 | Research | Padded Archer Armor |
| 19:08 | Build | Archery Range |
| 19:11 | Build | Archery Range |
| 19:16 | Queue | Villager (Male) |
| 19:27 | Age | Castle Age |
| 19:33 | Research | Bodkin Arrow |
| 19:34 | Queue | Villager (Male) |
| 19:42 | Queue | Cavalry Archer |
| 19:43 | Queue | Cavalry Archer |
| 19:43 | Queue | Cavalry Archer |
| 19:53 | Research | Bow Saw |
| 19:54 | Queue | Villager (Male) |
| 20:01 | Queue | Cavalry Archer |
| 20:01 | Queue | Cavalry Archer |
| 20:10 | Queue | Cavalry Archer |
| 20:14 | Research | Leather Archer Armor |
| 20:18 | Queue | Villager (Male) |
| 20:24 | Build | Farm |
| 20:34 | Queue | Cavalry Archer |
| 20:35 | Queue | Cavalry Archer |
| 20:39 | Queue | Villager (Male) |
| 20:49 | Queue | Cavalry Archer |
| 20:50 | Queue | Cavalry Archer |
| 20:50 | Queue | Cavalry Archer |
| 20:51 | Queue | Villager (Male) |
| 21:14 | Build | Archery Range |
| 21:22 | Queue | Cavalry Archer |
| 21:22 | Queue | Cavalry Archer |
Build order — niksu
First 150 of 281 actions detected
| 0:02 | Queue | Villager (Male) |
| 0:02 | Queue | Villager (Male) |
| 0:02 | Queue | Villager (Male) |
| 0:02 | Queue | Villager (Male) |
| 0:03 | Build | House |
| 0:05 | Build | House |
| 1:34 | Queue | Villager (Male) |
| 2:00 | Queue | Villager (Male) |
| 2:23 | Build | Settlement |
| 2:24 | Queue | Villager (Male) |
| 2:59 | Queue | Villager (Male) |
| 3:19 | Queue | Villager (Male) |
| 3:48 | Queue | Villager (Male) |
| 4:09 | Queue | Villager (Male) |
| 4:44 | Queue | Villager (Male) |
| 4:49 | Queue | Villager (Male) |
| 4:55 | Build | Barracks |
| 4:59 | Build | House |
| 5:02 | Build | Palisade Wall |
| 5:11 | Queue | Villager (Male) |
| 5:28 | Queue | Villager (Male) |
| 5:50 | Queue | Unit 2550 |
| 6:14 | Queue | Villager (Male) |
| 6:16 | Queue | Unit 2550 |
| 6:29 | Build | Settlement |
| 6:46 | Queue | Unit 2550 |
| 6:47 | Queue | Villager (Male) |
| 6:57 | Queue | Villager (Male) |
| 7:32 | Queue | Villager (Male) |
| 7:52 | Build | Palisade Wall |
| 7:55 | Build | Palisade Wall |
| 7:58 | Queue | Unit 2550 |
| 7:58 | Queue | Villager (Male) |
| 8:14 | Build | Palisade Wall |
| 8:28 | Build | House |
| 8:40 | Queue | Villager (Male) |
| 9:10 | Queue | Villager (Male) |
| 9:40 | Queue | Villager (Male) |
| 9:46 | Build | Palisade Wall |
| 10:05 | Build | Palisade Wall |
| 10:17 | Queue | Villager (Male) |
| 10:41 | Build | Palisade Wall |
| 10:46 | Build | Palisade Wall |
| 10:47 | Queue | Villager (Male) |
| 10:51 | Research | Feudal Age |
| 10:58 | Build | Palisade Wall |
| 10:58 | Build | Palisade Wall |
| 10:59 | Build | Palisade Wall |
| 10:59 | Build | Palisade Wall |
| 10:59 | Build | Palisade Wall |
| 11:00 | Build | Palisade Wall |
| 11:04 | Build | Farm |
| 12:02 | Build | Farm |
| 12:04 | Build | Farm |
| 12:07 | Build | Farm |
| 12:09 | Research | Loom |
| 12:47 | Build | Outpost |
| 12:48 | Build | Outpost |
| 12:51 | Build | Outpost |
| 13:03 | Age | Feudal Age |
| 13:05 | Queue | Villager (Male) |
| 13:06 | Queue | Spearman |
| 13:06 | Queue | Spearman |
| 13:11 | Build | Archery Range |
| 13:13 | Research | Double-Bit Axe |
| 13:33 | Queue | Villager (Male) |
| 13:37 | Queue | Spearman |
| 13:38 | Queue | Villager (Male) |
| 13:43 | Build | Farm |
| 13:55 | Build | Farm |
| 13:56 | Queue | Villager (Male) |
| 14:00 | Build | House |
| 14:19 | Queue | Villager (Male) |
| 14:20 | Queue | Archer |
| 14:20 | Queue | Archer |
| 14:32 | Build | Farm |
| 14:36 | Build | Farm |
| 14:38 | Build | Farm |
| 14:41 | Queue | Villager (Male) |
| 14:47 | Queue | Archer |
| 14:49 | Queue | Villager (Male) |
| 14:56 | Build | Farm |
| 15:18 | Build | Blacksmith |
| 15:31 | Queue | Villager (Male) |
| 15:36 | Build | Farm |
| 15:40 | Build | House |
| 15:48 | Build | Farm |
| 15:52 | Queue | Archer |
| 15:53 | Queue | Villager (Male) |
| 16:04 | Build | Farm |
| 16:18 | Research | Fletching |
| 16:21 | Queue | Villager (Male) |
| 16:23 | Build | Farm |
| 16:31 | Queue | Archer |
| 16:42 | Build | Palisade Wall |
| 16:49 | Queue | Archer |
| 16:50 | Queue | Villager (Male) |
| 16:58 | Build | Market |
| 17:16 | Queue | Villager (Male) |
| 17:26 | Build | House |
| 17:49 | Build | Palisade Wall |
| 17:50 | Build | Palisade Wall |
| 17:51 | Build | Palisade Wall |
| 17:52 | Build | Palisade Wall |
| 17:52 | Build | Palisade Wall |
| 17:52 | Build | Palisade Wall |
| 17:53 | Build | Palisade Wall |
| 17:59 | Queue | Archer |
| 18:00 | Queue | Archer |
| 18:10 | Queue | Villager (Male) |
| 18:39 | Research | Castle Age |
| 19:03 | Queue | Archer |
| 19:07 | Build | Archery Range |
| 19:09 | Build | Farm |
| 19:14 | Build | Farm |
| 19:32 | Queue | Archer |
| 19:39 | Build | Palisade Wall |
| 19:43 | Build | Palisade Wall |
| 19:44 | Queue | Archer |
| 19:50 | Research | Padded Archer Armor |
| 19:54 | Research | Horse Collar |
| 20:00 | Build | House |
| 20:01 | Build | House |
| 20:09 | Build | Settlement |
| 20:22 | Queue | Unit 2550 |
| 21:13 | Queue | Archer |
| 21:13 | Queue | Archer |
| 21:13 | Queue | Archer |
| 21:13 | Queue | Archer |
| 21:14 | Queue | Archer |
| 21:43 | Age | Castle Age |
| 21:54 | Build | Town Center |
| 22:03 | Research | Crossbowman (upgrade) |
| 22:05 | Research | Bodkin Arrow |
| 22:10 | Queue | Archer |
| 22:10 | Queue | Archer |
| 22:19 | Build | House |
| 22:34 | Queue | Archer |
| 23:24 | Queue | Villager (Male) |
| 23:24 | Queue | Villager (Male) |
| 23:24 | Queue | Villager (Male) |
| 23:25 | Queue | Archer |
| 23:25 | Queue | Archer |
| 23:47 | Queue | Villager (Male) |
| 23:47 | Queue | Villager (Male) |
| 23:50 | Queue | Villager (Male) |
| 24:16 | Queue | Archer |
| 24:16 | Queue | Archer |
| 24:17 | Queue | Villager (Male) |
| 24:25 | Queue | Villager (Male) |
Match timeline
| 4:55 | niksu · first_building Barracks |
| 5:02 | niksu · wall_segment Palisade Wall x2 |
| 6:59 | Couatl · first_building Barracks |
| 7:52 | niksu · wall_segment Palisade Wall x3 |
| 7:55 | niksu · wall_segment Palisade Wall x7 |
| 8:14 | niksu · wall_segment Palisade Wall x11 |
| 8:24 | Couatl · age_up feudal |
| 8:25 | Couatl · first_building Stable |
| 8:42 | Couatl · wall_segment Palisade Wall x11 |
| 8:54 | Couatl · wall_segment Palisade Wall x8 |
| 9:13 | Couatl · wall_segment Palisade Wall x10 |
| 9:46 | niksu · wall_segment Palisade Wall x6 |
| 10:05 | niksu · wall_segment Palisade Wall x1 |
| 10:41 | niksu · wall_segment Palisade Wall x4 |
| 10:46 | niksu · wall_segment Palisade Wall x6 |
| 10:58 | niksu · wall_segment Palisade Wall x1 |
| 10:58 | niksu · wall_segment Palisade Wall x1 |
| 10:59 | niksu · wall_segment Palisade Wall x2 |
| 10:59 | niksu · wall_segment Palisade Wall x1 |
| 10:59 | niksu · wall_segment Palisade Wall x1 |
| 11:00 | niksu · wall_segment Palisade Wall x1 |
| 13:03 | niksu · age_up feudal |
| 13:11 | niksu · first_building Archery Range |
| 13:17 | Couatl · wall_segment Palisade Wall x5 |
| 14:18 | Couatl · wall_segment Palisade Wall x6 |
| 16:42 | niksu · wall_segment Palisade Wall x1 |
| 17:49 | niksu · wall_segment Palisade Wall x1 |
| 17:50 | niksu · wall_segment Palisade Wall x1 |
| 17:51 | niksu · wall_segment Palisade Wall x1 |
| 17:52 | niksu · wall_segment Palisade Wall x1 |
| 17:52 | niksu · wall_segment Palisade Wall x2 |
| 17:52 | niksu · wall_segment Palisade Wall x1 |
| 17:53 | niksu · wall_segment Palisade Wall x1 |
| 18:36 | niksu · first_market_sell 100 wood |
| 18:37 | niksu · first_market_buy 100 food |
| 19:08 | Couatl · first_building Archery Range |
| 19:27 | Couatl · age_up castle |
| 19:39 | niksu · wall_segment Palisade Wall x6 |
| 19:43 | niksu · wall_segment Palisade Wall x4 |
| 21:43 | niksu · age_up castle |
| 26:54 | Couatl · first_market_sell 100 food |
| 27:29 | Couatl · first_building Siege Workshop |
| 31:54 | Couatl · wall_segment Palisade Wall x2 |
| 34:16 | Couatl · first_market_buy 100 stone |
| 34:23 | Couatl · age_up imperial |
| 34:29 | Couatl · first_building Castle |
| 35:33 | niksu · resign |
[ AI ANALYSIS · 1 CREDIT ]
What really happened in this match?
Wolo.gg analyzes every decision: build order, eco, micro, common mistakes by bracket. Personalized analysis on WhatsApp or Discord in 30 seconds.
Civ guide
Chinese
Perfil
Jugador #24564265